 Dungeon Crawl Stone Soup version 0.17-a0-1399-gd5b76e1 (webtiles) character file.

104 urechis the Poker (level 4, -1/33 HPs)
             Began as a Merfolk Gladiator on June 19, 2015.
             Slain by a gnoll
             ... wielding a +0 spear
              (6 damage)
             ... on level 3 of the Dungeon.
             The game lasted 00:03:29 (2009 turns).

urechis the Poker (Merfolk Gladiator)               Turns: 2009, Time: 00:03:30

Health: -1/33      AC:  6    Str: 15    XL:     4   Next: 80%
Magic:  4/4        EV: 14    Int:  7    God:
Gold:   171        SH:  0    Dex: 19    Spells: 0 memorised, 3 levels left

rFire  . . .     SeeInvis .     a - +0 trident
rCold  . . .     Clarity  .     b - +0 leather armour
rNeg   + . .     SustAt   .     (no shield)
rPois  .         Gourm    .     c - +0 helmet
rElec  .         Spirit   .     (no cloak)
rCorr  .         Warding  .     e - +1 pair of gloves
rMut   .         Stasis   .     (no boots)
MR     .....                    (no amulet)
Stlth  +.........               f - ring of positive energy
                                k - +4 ring of dexterity

@: not resistant to hostile enchantments, very unstealthy
A: change form in water, swift swim
a: no special abilities


You were on level 3 of the Dungeon.
You were not hungry.

You visited 1 branch of the dungeon, and saw 3 of its levels.

You collected 171 gold pieces.

Inventory:

Hand weapons
 a - a +0 trident (weapon)
Missiles
 d - 3 throwing nets (quivered)
Armour
 b - a +0 leather armour (worn)
 c - a +0 helmet (worn)
 e - a +1 pair of gloves (worn)
Jewellery
 f - a ring of positive energy (right hand)
 k - a +4 ring of dexterity (left hand)
Scrolls
 g - 2 scrolls of amnesia {unknown}
 h - a scroll of blinking {unknown}
 l - a scroll of fog {unknown}
 n - 2 scrolls of remove curse {unknown}
 o - 6 scrolls of identify {unknown}
 p - a scroll of enchant weapon {unknown}
 q - a scroll of teleportation {unknown}
 r - a scroll of magic mapping {unknown}
Potions
 s - 2 potions of curing {unknown}
Comestibles
 i - 2 royal jellies
 j - a meat ration
 m - 3 beef jerkies


   Skills:
 - Level 2.1 Fighting
 + Level 7.8 Polearms
 - Level 2.0 Throwing
 - Level 4.0 Dodging


You had 3 spell levels left.
You didn't know any spells.

Dungeon Overview and Level Annotations

Branches:
Dungeon (3/15)

Altars:
Cheibriados
Fedhas
Gozag
Makhleb


Message History

You closely miss the gnoll.
The gnoll is severely wounded.
The gnoll barely misses you. The gnoll misses you. The gnoll barely misses you.
You hit the gnoll but do no damage.
The gnoll is severely wounded.
The gnoll hits you. The gnoll hits you but does no damage.
You barely miss the gnoll.
The gnoll is severely wounded.
The gnoll hits you with a club! The gnoll barely misses you.
The gnoll closely misses you.
You hit the gnoll.
The gnoll is severely wounded.
The gnoll hits you with a club. The gnoll barely misses you.
The gnoll hits you but does no damage.
You hit the gnoll but do no damage.
The gnoll is severely wounded.
The gnoll misses you. The gnoll hits you!
* * * LOW HITPOINT WARNING * * *
The gnoll hits you from afar with a spear.
You die...

####.........#
#.........#
#.........####
#............#
#............#
####(...........##
#..(..............
#.##.........##.##
#@###........##(##
#.gg############...
#.g.# ###### #.?.#
....... #....
.###### ##...#
#.... ##....


You could see 3 gnolls.

Vanquished Creatures
  A worker ant (D:3)
  3 adders
  A worm (D:2)
  2 giant geckos (D:1)
  An orc (D:3)
  2 ball pythons (D:2)
  5 bats
  9 goblins
  6 hobgoblins
  6 jackals (D:1)
  6 kobolds
  2 giant newts
  7 rats
51 creatures vanquished.

Notes
Turn   | Place    | Note
--------------------------------------------------------------
     0 | D:1      | urechis the Merfolk Gladiator began the quest for the Orb.
     0 | D:1      | Reached XP level 1. HP: 16/16 MP: 1/1
   219 | D:1      | Reached skill level 5 in Polearms
   244 | D:1      | Reached XP level 2. HP: 17/22 MP: 2/2
   643 | D:1      | Reached skill level 6 in Polearms
   643 | D:1      | Reached XP level 3. HP: 20/27 MP: 3/3
  1101 | D:2      | Found a snail-covered altar of Cheibriados.
  1433 | D:2      | Reached XP level 4. HP: 22/33 MP: 4/4
  1731 | D:3      | Reached skill level 7 in Polearms
  1820 | D:3      | Found a burning altar of Makhleb.
  1820 | D:3      | Found an opulent altar of Gozag.
  1822 | D:3      | Found a blossoming altar of Fedhas.
  2009 | D:3      | Slain by a gnoll

Vault maps used:
D:1:      saegor_arrival_simple_f
D:2:      nicolae_overflow_crystal_walls
D:3:      nicolae_overflow_hidden_temple, lightli_corner_chamber

Action                   |  1- 3 |  4- 6 || total
-------------------------+-------+-------++-------
Melee: Trident           |   108 |    41 ||   149
 Stab: Sleeping          |     4 |     1 ||     5
  Eat: Bread ration      |       |     1 ||     1
